 Dungeon Crawl Stone Soup version 0.21-a0-91-ga5031da (webtiles) character file.

55060 grindst0ne the Severer (level 14, -6/135 HPs)
             Began as a Minotaur Fighter on June 28, 2017.
             Was an Initiate of Gozag.
             Mangled by a death yak (7 damage)
             ... on level 6 of the Lair of Beasts.
             The game lasted 00:37:30 (21128 turns).

grindst0ne the Severer (Minotaur Fighter)          Turns: 21128, Time: 00:37:30

Health: -6/135     AC: 20    Str: 28    XL:     14   Next: 36%
Magic:  18/18      EV:  2    Int: 10    God:    Gozag
Gold:   639        SH:  0    Dex: 12    Spells: 13/13 levels left

rFire    . . .     SeeInvis .   e - +0 battleaxe of Responsibility {venom, Int+5} (curse)
rCold    + + .     Gourm    .   (shield currently unavailable)
rNeg     + + +     Faith    .   q - +3 chain mail {rC+}
rPois    ∞         Spirit   .   (helmet restricted)
rElec    +         Reflect  .   O - +1 cloak of Starlight {rElec rC+ EV+4 Stlth--}
rCorr    .         Harm     .   (no gloves)
MR       +....                  j - +0 pair of boots
Stlth    ..........             (no amulet)
HPRegen  0.32/turn              g - ring of flight
MPRegen  0.16/turn              Y - +4 ring of strength

@: petrified, gold aura, starving
A: retaliatory headbutt, horns 2
a: Potion Petition, Call Merchant, Bribe Branch, Renounce Religion, Evoke Flight


You were on level 6 of the Lair of Beasts.
You worshipped Gozag.
Gozag was pleased with you.
You were starving.

You visited 2 branches of the dungeon, and saw 17 of its levels.
You also visited: Ossuary.

You collected 5784 gold pieces.
You spent 1398 gold pieces at shops.
You paid 3747 gold pieces to Gozag.

Inventory:

Hand Weapons
 e - the cursed +0 battleaxe of Responsibility (weapon) {venom, Int+5}
   (You found it on level 4 of the Dungeon)

   It poisons the flesh of those it strikes.
   It affects your intelligence (+5).
   It has a curse placed upon it.
Armour
 j - a +0 pair of boots (worn)
 q - a +3 chain mail of cold resistance (worn)
 O - the +1 cloak of Starlight (worn) {rElec rC+ EV+4 Stlth--}
   (You bought it in a shop on level 10 of the Dungeon)

   It affects your evasion (+4).
   It protects you from cold.
   It insulates you from electricity.
   It makes you much less stealthy.
Jewellery
 g - a ring of flight (left hand)
 X - an uncursed ring of protection from magic
 Y - a +4 ring of strength (right hand)
Wands
 h - a wand of acid (4/15)
 k - a wand of acid (9/15)
 v - a wand of iceblast (4/15)
 y - a wand of paralysis (17/24)
 C - a wand of flame (22/48)
 F - a wand of iceblast (12/15)
 G - a wand of paralysis (9/24)
 J - a wand of confusion (21/48)
 P - a wand of disintegration (16/24)
Scrolls
 f - 2 scrolls of fear
 m - 12 scrolls of teleportation
 n - 3 scrolls of enchant armour
 s - 6 scrolls of enchant weapon
 E - 7 scrolls of remove curse
 M - 3 scrolls of blinking
 Q - a scroll of recharging
 R - a scroll of torment {unknown}
 S - a scroll of acquirement {unknown}
 T - 3 scrolls of magic mapping
Potions
 a - a potion of might
 t - 6 potions of lignification
 x - 2 potions of mutation
 z - 2 potions of degeneration
 B - 2 potions of haste
 I - a potion of cancellation {unknown}
 K - 4 potions of agility {unknown}
 L - a potion of resistance {unknown}
 N - 2 potions of flight {unknown}
 V - 3 potions of curing
Books
 b - a book of Summonings

   Spells                             Type                      Level
   a - Recall                         Summoning/Translocation      3
   b - Aura of Abjuration             Summoning                    5
   c - Summon Demon                   Summoning                    5
   d - Summon Forest                  Summoning/Translocation      5
   e - Summon Mana Viper              Hexes/Summoning              5
   f - Shadow Creatures               Summoning                    6
Miscellaneous
 r - a box of beasts
Comestibles
 d - 7 royal jellies
 l - 15 fruits
 o - 10 bread rations
 u - 6 meat rations


   Skills:
 + Level 15.0 Fighting
 + Level 15.7 Axes
 + Level 15.2 Armour
 - Level 9.2 Dodging
   Level 3.6 Shields
 - Level 7.4 Evocations


You had 13 spell levels left.
You didn't know any spells.

Dungeon Overview and Level Annotations

Branches:
Dungeon (11/15)            Temple (0/1) D:5            Lair (6/6) D:10
 Shoals (0/4) Lair:4        Snake (0/4) Lair:2        Slime (0/5) Lair:6
    Orc: D:9-12

Altars:
Dithmenos
Gozag
Hepliaklqana
Nemelex Xobeh
Qazlal
Trog
Wu Jian
Yredelemnul
Zin

Shops:
D:6 }   D:10 [   Lair:3 *   Lair:6 *

Annotations:
D:10 1 runed door
Lair:3 exclusion: 3 oklob plants


Innate Abilities, Weirdness & Mutations

You reflexively headbutt those who attack you in melee.
You have a pair of horns on your head.


Message History

You furiously retaliate!
You headbutt the death yak. The catoblepas closely misses you.
The yak gores you!
* * * LOW HITPOINT WARNING * * *
Your limbs are stiffening.
You slash the catoblepas! You headbutt the catoblepas!
The catoblepas is almost dead.
You hit the yak.
The yak looks as sick as possible!
You hit the death yak but do no damage.
The death yak looks as sick as possible!
You are engulfed in calcifying dust.
You kill the yak!
The catoblepas gores you but does no damage.
The death yak closely misses you. You furiously retaliate!
You headbutt the death yak, but do no damage.
You have turned to stone.
You are engulfed in calcifying dust.
The catoblepas gores you!!
* * * LOW HITPOINT WARNING * * *
The death yak gores you!
You die...
Your body crumbles into a pile of gold.

#..##.....## ....
##......#..P### #..#
#......##....P###..#
##....####........#
##.### #.###...##
### #..# ##..P#
#..## #.$.## ...#
##YY### .... ##@$.#
..##. ###..# ..
....# ...# ...# .##
$## $ $$


You could see a death yak and a catoblepas.

Vanquished Creatures
  Kirke (Lair:5)
  Harold (D:10)
  Fannar (Lair:2)
  A catoblepas (Lair:6)
  2 hydras
  A two-headed ogre (D:9)
  A queen ant (Lair:2)
  8 death yaks
  Sonja (Lair:1)
  An unseen horror (D:9)
  An ugly thing (D:11)
  7 black mambas
  7 elephants
  A molten gargoyle (Lair:5)
  18 spiny frogs
  A centaur skeleton (D:11)
  10 komodo dragons
  2 rime drakes
  A troll (D:10)
  A hornet (Lair:2)
  A polar bear (Lair:5)
  4 blink frogs (Lair:6)
  9 hippogriffs
  14 dream sheep (Lair:6)
  Sigmund (D:5)
  A wyvern (D:9)
  2 basilisks
  9 hogs
  4 fire bats (Lair:5)
  A human (D:8)
  A wraith (D:10)
  56 yaks
  21 soldier ants
  An acid dragon (D:11)
  16 water moccasins
  11 porcupines
  Duvessa (D:6)
  An orc warrior (D:8)
  2 sky beasts
  A hornet zombie (D:10)
  7 ice beasts
  A black bear (D:10)
  6 ogres
  2 phantoms (D:5)
  A necrophage (D:8)
  9 wolves
  7 centaurs
  8 crocodiles
  2 big kobolds
  A wyvern zombie (D:9)
  Dowan (D:6)
  13 bullfrogs
  3 scorpions
  3 killer bees
  11 wights
  2 howler monkeys (D:10)
  A crimson imp (D:10)
  3 centaur zombies
  A quasit (D:10)
  7 jellies
  2 orc priests (D:5)
  11 hounds
  5 orc wizards
  A bullfrog skeleton (D:8)
  Terence (D:3)
  7 iguanas
  35 worker ants
  A big kobold zombie (Ossuary)
  A hound zombie (D:5)
  A hound skeleton (D:5)
  8 mummies (Ossuary)
  Robin (D:3)
  2 worker ant zombies
  A howler monkey skeleton (D:7)
  4 gnolls (D:6)
  15 adders
  A shadow imp (D:8)
  An adder zombie (D:9)
  2 adder skeletons
  A worm (D:3)
  3 leopard geckos
  43 orcs
  8 giant cockroaches
  5 hobgoblins
  8 jackals
  6 quokkas
  3 ball pythons
  A ball python zombie (D:5)
  A frilled lizard (D:3)
  2 gnoll zombies (Ossuary)
  11 goblins
  3 hobgoblin zombies (Ossuary)
  24 kobolds
  2 kobold zombies (Ossuary)
  A leopard gecko zombie (D:5)
  3 rats
  7 fungi
  5 plants
550 creatures vanquished.

Vanquished Creatures (others)
  A black mamba (Lair:4)
  6 fungi
  11 plants
18 creatures vanquished.

Grand Total: 568 creatures vanquished

Notes
Turn   | Place    | Note
-------+----------+-------------------------------------------
     0 | D:1      | grindst0ne the Minotaur Fighter began the quest for the Orb.
     0 | D:1      | Reached XP level 1. HP: 19/19 MP: 0/0
     6 | D:1      | Noticed a polar bear
     6 | D:1      | Noticed a water moccasin
     6 | D:1      | Noticed a swamp drake
     7 | D:1      | Noticed a redback
   726 | D:1      | Reached XP level 2. HP: 27/27 MP: 1/1
  1308 | D:2      | Found an opulent altar of Gozag.
  1309 | D:2      | Found a sparkling altar of Nemelex Xobeh.
  1320 | D:2      | Became a worshipper of Gozag Ym Sagoz the Greedy
  1436 | D:2      | Reached XP level 3. HP: 33/34 MP: 2/2
  2084 | D:3      | Noticed Robin
  2101 | D:3      | Killed Robin
  2101 | D:3      | Reached skill level 5 in Fighting
  2102 | D:3      | Reached XP level 4. HP: 38/42 MP: 3/3
  2432 | D:3      | Noticed Terence
  2455 | D:3      | Killed Terence
  2455 | D:3      | Reached skill level 5 in Armour
  2633 | D:3      | Found an opulent altar of Gozag.
  2796 | D:3      | Reached XP level 5. HP: 44/48 MP: 4/4
  3161 | D:4      | Found a stormy altar of Qazlal.
  3161 | D:4      | Noticed a water elemental
  3166 | D:4      | Noticed a fire elemental
  3166 | D:4      | Noticed an air elemental
  3194 | D:4      | Found a glowing silver altar of Zin.
  3222 | D:4      | Got a translucent battleaxe
  3261 | D:4      | Found a basalt altar of Yredelemnul.
  3592 | D:4      | Noticed an ogre
  3599 | D:4      | Killed an ogre
  3599 | D:4      | Reached XP level 6. HP: 52/57 MP: 5/5
  4170 | D:5      | Entered Level 5 of the Dungeon
  4177 | D:5      | Reached XP level 7. HP: 60/64 MP: 6/6
  4397 | D:5      | Reached skill level 5 in Axes
  4434 | D:5      | Found a staircase to the Ecumenical Temple.
  4473 | D:5      | Found a hazy altar of Hepliaklqana.
  4474 | D:5      | Found an ornate altar of the Wu Jian Council.
  4869 | D:5      | Reached XP level 8. HP: 73/73 MP: 7/7
  5117 | D:5      | Noticed Sigmund
  5143 | D:5      | Killed Sigmund
  5583 | D:6      | Found a sand-covered staircase.
  5637 | Ossuary  | Entered an ossuary
  5853 | Ossuary  | Identified the cursed +0 battleaxe of Responsibility {venom, Int+5} (You found it on level 4 of the Dungeon)
  6269 | D:6      | Reached XP level 9. HP: 37/82 MP: 8/8
  6274 | D:6      | Noticed Duvessa
  6289 | D:6      | Killed Duvessa
  6308 | D:6      | Noticed Dowan
  6321 | D:6      | Killed Dowan
  6922 | D:6      | Bought a box of beasts for 300 gold pieces
  7218 | D:7      | Found Xeron's Food Emporium.
  7230 | D:7      | Bought a meat ration for 50 gold pieces
  7230 | D:7      | Bought a royal jelly for 20 gold pieces
  7230 | D:7      | Bought a royal jelly for 20 gold pieces
  7230 | D:7      | Bought a meat ration for 50 gold pieces
  7230 | D:7      | Bought a meat ration for 50 gold pieces
  7230 | D:7      | Bought a royal jelly for 20 gold pieces
  7230 | D:7      | Bought a bread ration for 50 gold pieces
  7230 | D:7      | Bought a meat ration for 50 gold pieces
  7230 | D:7      | Bought a bread ration for 50 gold pieces
  7230 | D:7      | Bought a meat ration for 50 gold pieces
  7230 | D:7      | Bought a meat ration for 50 gold pieces
  7230 | D:7      | Bought 4 fruits for 60 gold pieces
  7878 | D:8      | Reached skill level 10 in Axes
  8323 | D:8      | Reached skill level 1 in Evocations
  8371 | D:8      | HP: 2/85 [yak (10)]
  8753 | D:8      | Reached skill level 10 in Armour
  8753 | D:8      | Reached XP level 10. HP: 66/93 MP: 10/10
  9284 | D:9      | Reached skill level 10 in Fighting
  9556 | D:9      | Noticed a two-headed ogre
  9563 | D:9      | Killed a two-headed ogre
  9645 | D:9      | Killed an unseen horror
  9898 | D:9      | Reached skill level 5 in Evocations
 10074 | D:9      | Found a bloodstained altar of Trog.
 10074 | D:9      | Found a shadowy altar of Dithmenos.
 10109 | D:9      | Found a sparkling altar of Nemelex Xobeh.
 10259 | D:10     | Entered Level 10 of the Dungeon
 10395 | D:10     | Found a runed door.
 10426 | D:10     | Found a runed door.
 10792 | D:10     | Found a staircase to the Lair.
 10792 | D:10     | Noticed an elephant
 10805 | D:10     | Reached XP level 11. HP: 71/101 MP: 14/14
 10998 | D:10     | Noticed Harold
 11010 | D:10     | Killed Harold
 11876 | D:11     | Noticed a purple ugly thing
 11884 | D:11     | Killed a purple ugly thing
 11951 | D:10     | Bought the +1 cloak of Starlight {rElec rC+ EV+4 Stlth--} for 578 gold pieces
 12042 | Lair:1   | Entered Level 1 of the Lair of Beasts
 12126 | Lair:1   | Noticed a seven-headed hydra
 12132 | Lair:1   | Reached skill level 1 in Dodging
 12134 | Lair:1   | Killed a seven-headed hydra
 12617 | Lair:1   | Reached XP level 12. HP: 100/112 MP: 16/16
 12741 | Lair:1   | Noticed Sonja
 12748 | Lair:1   | Killed Sonja
 13702 | Lair:2   | Noticed Fannar
 13717 | Lair:2   | Killed Fannar
 13717 | Lair:2   | Reached skill level 5 in Dodging
 13786 | Lair:2   | Found a staircase to the Snake Pit.
 14205 | Lair:2   | Noticed a death yak
 14206 | Lair:2   | Noticed a death yak
 14207 | Lair:2   | Noticed a death yak
 14235 | Lair:2   | Killed a death yak
 14247 | Lair:2   | Killed a death yak
 14555 | Lair:2   | Noticed a death yak
 14556 | Lair:2   | Noticed a death yak
 14556 | Lair:2   | Noticed a death yak
 14592 | Lair:2   | Killed a death yak
 14599 | Lair:2   | Killed a death yak
 14601 | Lair:2   | Killed a death yak
 14613 | Lair:2   | Killed a death yak
 15223 | Lair:2   | Reached XP level 13. HP: 122/122 MP: 17/17
 17455 | Lair:4   | Found a staircase to the Shoals.
 18382 | Lair:5   | Noticed Kirke
 18417 | Lair:4   | Reached skill level 15 in Axes
 18506 | Lair:5   | Killed Kirke
 19252 | Lair:5   | Reached XP level 14. HP: 122/133 MP: 18/18
 19771 | Lair:6   | Entered Level 6 of the Lair of Beasts
 19918 | Lair:6   | Found a staircase to the Slime Pits.
 20507 | Lair:6   | Reached skill level 15 in Armour
 21093 | Lair:6   | Reached skill level 15 in Fighting
 21128 | Lair:6   | HP: 1/135 [catoblepas (9)]
 21128 | Lair:6   | Mangled by a death yak

Vault maps used:
D:1:      onia_arrival_zoo_common
D:2:      grunt_temple_overflow_opulence, serial_bayou_lagoon_b
D:3:      lemuel_upstairs_altar, nicolae_gozag_cash_rules_everything_around_me,
          uniq_terence, uniq_robin
D:4:      old_standard_altar, nicolae_qazlal_style_of_elements,
          nicolae_overflow_hidden_temple, minivault_19, minmay_checkerbox
D:5:      chequers_temple_overflow_statue_of_worship,
          minmay_temple_entry_glassed_door, first_bread, uniq_sigmund
D:6:      enter_ossuary_1, uniq_duvessa
D:7:      serial_shops, shop
D:8:      serial_column_ruins, column_ruins_square_small,
          column_ruins_square_huge, column_ruins_open_tiny, column_ruins_grid_1,
          column_ruins_open_large, grunt_livestock
D:9:      gammafunk_temple_overflow_statue, basic_altar
D:10:     lemuel_insect_pit, david_lair_generic, minivault_26, uniq_harold
D:11:     serial_shops, nicolae_shop_statue_plus
Lair:1:   beast_lair_carwin_large_3, grunt_megastairs_1, uniq_sonja
Lair:2:   minmay_snake_entry_six_corridors, minivault_29, grunt_megastairs_3,
          uniq_fannar
Lair:3:   st_stairs_10, minmay_lair_oklob_chamber
Lair:4:   minmay_shoals_entry_centaurs
Lair:5:   uniq_kirke
Lair:6:   evilmike_catoblepas_cave, nicolae_slime_entry_slimehenge
Ossuary:  ossuary_tomb_3

Skill      XL: |  1  2  3  4  5  6  7  8  9 10 11 12 13 14 |
---------------+-------------------------------------------+-----
Fighting       | 4 5 6 7 8 9 10 12 13 14 15 | 15.0
Armour         | 4 5 6 7 8 10 11 12 13 14 15 | 15.2
Axes           | 3 4 7 9 10 11 12 13 15 | 15.7
Evocations     | 2 5 7 |  7.4
Dodging        | 3 6 9 |  9.2
Shields        | |  3.6

Action                   |  1- 3 |  4- 6 |  7- 9 | 10-12 | 13-15 || total
-------------------------+-------+-------+-------+-------+-------++-------
Melee: War axe           |    88 |   139 |   160 |       |       ||   387
       Headbutt          |    12 |    17 |    63 |   107 |   116 ||   315
       Battleaxe         |       |       |   154 |   507 |   429 ||  1090
Invok: Call Merchant     |       |       |     1 |     1 |     2 ||     4
       Potion Petition   |       |       |       |     2 |       ||     2
Evoke: Wand              |       |       |     2 |     7 |     4 ||    13
  Use: Scroll            |       |     8 |     6 |     3 |     4 ||    21
       Potion            |       |     2 |    10 |     4 |     5 ||    21
 Stab: Distracted        |       |       |     3 |     4 |     2 ||     9
       Invisible         |       |       |       |       |     1 ||     1
  Eat: Bread ration      |     1 |     1 |     1 |       |       ||     3
       Fruit             |       |     4 |     2 |       |       ||     6
       Royal jelly       |       |       |     2 |     1 |     2 ||     5
       Meat ration       |       |       |     1 |     4 |     2 ||     7
Armor: Scale mail        |    39 |    15 |       |       |       ||    54
       Chain mail        |       |    46 |   192 |   289 |   184 ||   711
       Skin              |       |       |       |     7 |       ||     7
Dodge: Dodged            |    31 |    36 |   110 |   294 |   331 ||   802
Block: Shield            |    47 |    77 |    71 |       |       ||   195
